 Dungeon Crawl Stone Soup version 0.27-a0-965-gbf8bb431c4 (webtiles) character file.

Game seed: 5181099464749798485

5 Lanoc the Charlatan (level 1, -2/15 HPs)
             Began as a Barachi Artificer on Apr 12, 2021.
             Was a Follower of Qazlal.
             Slain by a jackal (3 damage)
             ... on level 1 of the Dungeon.
             The game lasted 00:01:10 (316 turns).

Lanoc the Charlatan (Barachi Artificer)              Turns: 316, Time: 00:01:11

Health: -2/15      AC:  3    Str: 13    XL:     1   Next: 80%
Magic:  1/1        EV: 11    Int: 11    God:    Qazlal [*.....]
Gold:   13         SH:  1    Dex: 12    Spells: 0/0 levels left

rFire    . . .     SeeInvis .   a - +0 club
rCold    . . .     Faith    .   (no shield)
rNeg     . . .     Spirit   .   b - +0 leather armour
rPois    .         Reflect  .   (no helmet)
rElec    .         Harm     .   (no cloak)
rCorr    .         Rampage  .   (no gloves)
Will     .....                  (no boots)
Stlth    +.........             (no amulet)
HPRegen  0.05/turn              (no ring)
MPRegen  0.07/turn              (no ring)

@: slow
A: +LOS, amphibious, slowness 1, strong legs 1
a: Hop, Renounce Religion


You were on level 1 of the Dungeon.
You worshipped Qazlal.
Qazlal was aware of your devotion.
You visited 1 branch of the dungeon, and saw 1 of its levels.

You collected 13 gold pieces.

Inventory:

Hand Weapons
 a - a +0 club (weapon)
Armour
 b - a +0 leather armour (worn)
Wands
 c - a wand of flame (15) (quivered)
 d - a wand of charming (15)
Scrolls
 f - a scroll of fear {unknown}
Miscellaneous
 e - a piece from Xom's chessboard (6/15)


   Skills:
 + Level 1.4 Fighting
 + Level 2.5 Armour
 + Level 1.2 Dodging
 - Level 0.8 Stealth
 * Level 3.4 Evocations


You couldn't memorise any spells.
You didn't know any spells.
Your spell library contained the following spells:

 Spells                   Type           Power      Damage    Failure   Level
 Confusing Touch          Hex            0%         N/A       80%         3
 Gell's Gravitas          Tloc           0%         N/A       80%         3
 Petrify                  Tmut/Erth      0%         N/A       99%         4
 Metabolic Englaciation   Hex/Ice        0%         N/A       100%        5
 Yara's Violent Unravell  Hex/Tmut       0%         3d3       100%        5


Dungeon Overview and Level Annotations

Branches:
Dungeon (1/15)

Altars:
Qazlal

Shops:
D:1 *


Innate Abilities, Weirdness & Mutations

You can be seen from farther away. (+LOS)
You are amphibious.
You cover ground slowly.
You can hop short distances.


Message History

You make a move on Xom's chessboard...
The jackal falls asleep!
The jackal bites you.
You hit the jackal.
You kill the jackal!
Qazlal accepts your kill.
The jackal barks!
The jackal bites you.
You hit the jackal but do no damage. The jackal barely misses you.
The jackal bites you.
You hit the jackal.
The jackal is severely wounded.
The jackal bites you but does no damage.
The jackal barely misses you.
You closely miss the jackal.
The jackal is severely wounded.
The jackal stops glowing.
The jackal bites you but does no damage.
You block the jackal's attack.
You barely miss the jackal.
The jackal is severely wounded.
The jackal bites you but does no damage.
You miss the jackal.
The jackal is severely wounded.
The jackal bites you.
* * * LOW HITPOINT WARNING * * *
The jackal closely misses you.
You hit the jackal but do no damage.
The jackal is severely wounded.
The jackal bites you but does no damage. x2
You hit the jackal.
You kill the jackal!
Qazlal accepts your kill. The jackal bites you.
* * * LOW HITPOINT WARNING * * *
You hit the jackal.
The jackal is heavily wounded.
The jackal bites you.
* * * LOW HITPOINT WARNING * * *
The jackal bites you.
You die...

.#####......# )# #..PP..#
.# #..P∩P.## '##
##.PPP..# ..## #.....(#
...## ###..#.# ....##
#....#
.....####...#########.#..
.....'..........@h....>..
.....####....########.#..
....## ##....## ...##
##......# ..## #.......#
'## ##......# .# ##...###
.# ##.## .#########.#


You could see a jackal.

Vanquished Creatures
  An endoplasm (D:1)
  A goblin (D:1)
  2 jackals (D:1)
4 creatures vanquished.

Notes
Turn   | Place    | Note
-------+----------+-------------------------------------------
     0 | D:1      | Lanoc the Barachi Artificer began the quest for the Orb.
     0 | D:1      | Reached XP level 1. HP: 15/15 MP: 1/1
     0 | D:1      | Found a faded altar of an unknown god.
    12 | D:1      | Became a worshipper of Qazlal Stormbringer
    12 | D:1      | Reached * piety under Qazlal
    46 | D:1      | Found Peur's Assorted Antiques.
   316 | D:1      | Slain by a jackal

Illustrated notes

Levels and vault maps discovered:
D:1:      dpeg_arrival_lava_altar, layout_loops_corners, serial_shops,
          nicolae_shop_overgrown_old_shop, ebering_ecumenical_altar_box

Action                   || total
-------------------------++-------
Melee: Club              ||    16
Evoke: Piece from Xom's  ||     9
Armor: Leather armour    ||     8
Dodge: Dodged            ||    12
Block: Other             ||     2

Table legend: (Time is in decaauts)
 A = Elapsed time spent in this place.
 B = Non-inter-level travel time spent in this place.
 C = Inter-level travel time spent in this place.
 D = Time resting spent in this place.
 E = Time spent auto-exploring this place.
 F = Levels seen in this place.
 G = Mean time per level.
                   A        B        C        D        E       F      G
               +--------+--------+--------+--------+--------+-----+--------+
         Total |    344 |    344 |      0 |      0 |    296 |   1 |  344.0 |
       Dungeon |    344 |    344 |      0 |      0 |    296 |   1 |  344.0 |
               +--------+--------+--------+--------+--------+-----+--------+

Top non-repeatable levels by time:
     D:1: 344 daAuts
